 Dungeon Crawl Stone Soup version 0.17.0 (webtiles) character file.

428446 tetracat the Brawler (level 22, -2/177 HPs)
             Began as a Grey Draconian Transmuter on Nov 9, 2015.
             Was an Initiate of Gozag.
             Killed from afar by a quicksilver dragon (22 damage)
             ... with a bolt of dispelling energy
             ... on level 5 of the Vaults.
             The game lasted 04:49:33 (83000 turns).

tetracat the Brawler (Grey Draconian Transmuter)   Turns: 83000, Time: 04:50:03

Health: -2/177     AC: 22    Str: 27    XL:     22   Next: 79%
Magic:  45/45      EV: 12    Int: 30    God:    Gozag
Gold:   2869       SH: 24    Dex: 17    Spells: 11 memorised, 8 levels left

rFire  . . .     SeeInvis .       - Unarmed
rCold  . . .     Clarity  .     (armour unavailable)
rNeg   . . .     SustAt   .     Y - +0 large shield
rPois  .         Gourm    .     k - +2 hat {MR+}
rElec  +         Spirit   .     G - +0 cloak "Jinicof" {MR+ Str+4 Stlth-}
rCorr  .         Warding  .     N - +0 pair of gloves {Str+3}
rMut   .         Stasis   .     e - +1 pair of boots "Gaidaux" {rElec Int+7 Dex+5}
MR     +++..                    E - amulet of faith
Stlth  +.........               d - +4 ring of slaying
                                l - ring "Serigoh" {+Inv Str+2 Int+5}

@: drained, extremely resistant to hostile enchantments, very unstealthy
A: walk through water, unfitting armour, talons 1, blink, unbreathing,
cold-blooded, AC +16
a: Blink, Potion Petition, Call Merchant, Bribe Branch, Renounce Religion, Evoke
Invisibility
}: 2/15 runes: decaying, serpentine


You were on level 5 of the Vaults.
You worshipped Gozag.
Gozag was noncommittal.
You were not hungry.

You visited 9 branches of the dungeon, and saw 45 of its levels.
You also visited: Ossuary.

You collected 24103 gold pieces.
You spent 6509 gold pieces at shops.
You paid 14725 gold pieces to Gozag.

Inventory:

Armour
 e - the +1 pair of boots "Gaidaux" (worn) {rElec Int+7 Dex+5}
   (You bought it in a shop on level 4 of the Orcish Mines)

   It affects your intelligence (+7).
   It affects your dexterity (+5).
   It insulates you from electricity.
 k - a +2 hat of magic resistance (worn)
 G - the +0 cloak "Jinicof" (worn) {MR+ Str+4 Stlth-}
   (You found it on level 3 of the Snake Pit)

   It affects your strength (+4).
   It affects your resistance to hostile enchantments.
   It makes you less stealthy.
 N - a +0 pair of gloves of strength (worn)
 Y - a +0 large shield (worn)
Jewellery
 d - a +4 ring of slaying (right hand)
 l - the ring "Serigoh" (left hand) {+Inv Str+2 Int+5}
   (You bought it in a shop on level 13 of the Dungeon)

   [ring of invisibility]

   It affects your strength (+2).
   It affects your intelligence (+5).
   It lets you turn invisible.
 p - an uncursed ring of protection from cold
 q - an uncursed ring of wizardry
 x - an uncursed amulet of resist mutation
 B - an uncursed ring of protection from fire
 E - an amulet of faith (around neck)
Wands
 c - a wand of teleportation (1)
 j - a wand of heal wounds (3)
 y - a wand of cold (6)
 P - a wand of teleportation (2)
 X - a wand of digging (19)
Scrolls
 b - 2 scrolls of identify
 f - 5 scrolls of recharging
 m - 6 scrolls of fog
 r - 2 scrolls of acquirement
 t - 2 scrolls of blinking
 v - 6 scrolls of fear
 w - 21 scrolls of remove curse
 A - 3 scrolls of amnesia
 J - 4 scrolls of magic mapping
 L - 3 scrolls of enchant weapon
 M - 2 scrolls of teleportation
 Q - 7 scrolls of enchant armour
 S - a scroll of silence
 W - a scroll of summoning
Potions
 g - 5 potions of haste
 h - 7 potions of heal wounds
 n - 7 potions of lignification
 o - 6 potions of brilliance
 s - 5 potions of might
 z - 2 potions of berserk rage
 C - a potion of invisibility
 F - 3 potions of flight
 H - a potion of agility
 I - a potion of magic
 K - 4 potions of resistance
 V - a potion of cancellation
 Z - 11 potions of curing
Books
 U - a book of the Earth

   Spells                             Type                      Level
   a - Leda's Liquefaction            Hexes/Earth                  4
   b - Bolt of Magma                  Conjuration/Fire/Earth       5
   c - Statue Form                    Transmutation/Earth          6
   d - Iron Shot                      Conjuration/Earth            6
   e - Shatter                        Earth                        9
Miscellaneous
 i - an ornate deck of defence {the Helm}
Comestibles
 a - 2 meat rations
 u - 8 bread rations


   Skills:
 - Level 10.6(10.3) Fighting
 - Level 3.4(3.1) Dodging
 + Level 20.3(19.9) Shields
 + Level 20.3(19.9) Unarmed Combat
 + Level 19.5(19.1) Spellcasting
 - Level 9.1(8.8) Charms
 - Level 10.4(10.1) Transmutations
 - Level 6.0(5.7) Air Magic
 - Level 14.1(13.8) Earth Magic


You had 8 spell levels left.
You knew the following spells:

 Your Spells              Type           Power        Failure   Level  Hunger
a - Haste                 Chrm           ######..     12%         6    None
b - Swiftness             Chrm/Air       ######..     1%          2    None
d - Blade Hands           Trmt           ######....   1%          5    None
e - Statue Form           Trmt/Erth      #######..    3%          6    None
f - Shatter               Erth           #######...   100%        9    #######
g - Deflect Missiles      Chrm/Air       ######....   21%         6    None
h - Passage of Golubria   Tloc           N/A          30%         4    None
i - Lee's Rapid Deconstr  Erth           #######...   1%          5    None
j - Blink                 Tloc           N/A          4%          2    None
k - Repel Missiles        Chrm/Air       ######       1%          2    None
l - Phase Shift           Tloc           ####......   80%         5    None


Dungeon Overview and Level Annotations

Branches:
Dungeon (15/15)            Temple (1/1) D:7            Lair (8/8) D:8
  Swamp (4/4) Lair:3        Snake (4/4) Lair:6        Slime (0/6) Lair:7
    Orc (4/4) D:9             Elf (3/3) Orc:4        Vaults (5/5) D:14
  Crypt (0/3) Vaults:3     Depths (1/5) D:15

Altars:
Ashenzari
Cheibriados
Dithmenos
Elyvilon
Fedhas
Gozag
Kikubaaqudgha
Makhleb
Nemelex Xobeh
Okawaru
Qazlal
Ru
Sif Muna
Trog
Vehumet
Xom
Yredelemnul
Zin
The Shining One
Jiyva

Shops:
D:4 *   D:7 :   D:8 [[(*   D:9 [   D:13 (=   D:14 ***(   D:15 =   Orc:1 [
Orc:4 [::(?   Elf:3 (   Vaults:4 [   Depths:1 *

Portals:
Hell: Depths:1

Annotations:
D:5 patrick's ghost, amateur MfAK
Lair:4 exclusion: hydra
Depths:1 Mara


Innate Abilities, Weirdness & Mutations

You can walk through water.
Your dull iron-grey scales are very hard (AC +16).
Your body does not fit into most forms of armour.
You can survive without breathing.
You are cold-blooded and may be slowed by cold attacks.
You have sharp toenails.
You can translocate small distances at will.


Message History

The shadow dragon claws you but does no damage.
You block the shadow dragon's attack.
The quicksilver dragon is distracted by the nearby gold.
The ironbrand convoker is distracted by the nearby gold.
You block the shadow dragon's attack.
The shadow dragon claws you but does no damage.
You block the shadow dragon's attack.
A titan comes into view.
Read which item? (? for menu, Esc to quit)
Blink to where?
Press: ? - help, Dir - move target cursor You are very lightly contaminated with residual magic.
As you read the scroll of blinking, it crumbles to dust.
The quicksilver dragon is no longer distracted by gold.
The quicksilver dragon breathes dispelling energy at you.
The bolt of dispelling energy hits you!
You feel strangely stable.
Your magical contamination has completely faded away.
You die...
Your body crumbles into a pile of gold.

*********************************
,,,,,,,,,,,,,,,,,,,,,,,,,,,,,,,,,
,,,,,,,,,,,,,,,,,,,,,,,,,,,,,,,,,
*******************,,,,,,,,,,****
,,,,,,,,,,,,,$,,,,,,,,,,,,*,***,*
,,,,,,,,,,,,,,,,,,,,*,,,,***,*,,,
******,,,#########,,*,,,,**,,,*,*
,,,,,*,,,#....!)@#,,*,,,,*,*,***,
,,,,,*,,,#.....[$#,,*,,,,****,*,,
,,,,,*,,,#......$#,,*,,,,*,*,,,*,
,,,,,**###D§.$$..#,,*,,,,*,,*.#**
,,,,......D......#,,*,,,,*,**#.*,
****#..H..########,,*,,,,**,*,.,*
,,,,#.....*,,,,,,,,,*,,,,*,.,*.#*
,,,,#....,*,,,,,,,,,*,,,,**.###.*
,,,,#....,*,,,,,,,,,*,,,,*##.#..,


You could see a shadow dragon and a quicksilver dragon.

Vanquished Creatures
  the Lernaean hydra (Swamp:4)
  Norris (Vaults:3)
  Saint Roka (Vaults:1)
  Vashnia (Snake:2)
  A golden dragon (Vaults:5)
  the Enchantress (Depths:1)
  A lich (Vaults:3)
  Jorgrun (Snake:4)
  A tentacled monstrosity (Vaults:5)
  3 deep elf blademasters (Elf:3)
  Asterion (Snake:4)
  A deep elf master archer (Elf:3)
  2 sphinxes
  Gastronok (Orc:1)
  A shadow dragon (Vaults:5)
  A storm dragon (Vaults:5)
  3 thorn hunters
  A fire giant (Vaults:5)
  Roxanne (D:14)
  8 greater nagas
  2 tengu reavers
  The ghost of dsb250 the Warrior, a journeyman MiFi of Okawaru (Orc:4)
  15 vault wardens
  Maud (Lair:8)
  Aizul (Snake:2)
  An emperor scorpion (shapeshifter) (Vaults:1)
  12 deep elf sorcerers
  3 spriggan defenders (Depths:1)
  14 ironheart preservers
  5 very ugly things
  11 stone giants
  2 deep elf demonologists
  4 salamander stormcallers
  8 deep elf annihilators
  Azrael (D:14)
  5 deep elf death magi
  4 ettins
  2 jiangshi (Vaults:3)
  15 vault guards
  Josephine (D:14)
  2 fire dragons
  7 great orbs of eyes
  11 yaktaur captains
  An ice dragon (Vaults:2)
  4 deep elf high priests (Elf:3)
  A hell beast (Depths:1)
  Harold (Orc:1)
  28 hydras
  12 naga warriors
  4 rakshasas
  11 centaur warriors
  8 anacondas
  9 ogre magi
  3 catoblepae (Lair:8)
  A spriggan air mage (Depths:1)
  5 deep troll earth magi
  A queen ant (Lair:6)
  A ghost crab (Swamp:4)
  A death knight (Vaults:3)
  17 alligators
  4 tengu warriors
  A deep troll shaman (Depths:1)
  24 death yaks
  18 naga sharpshooters
  2 orc high priests (Elf:1)
  Urug (Lair:3)
  A soul eater (Depths:1)
  Sonja (D:14)
  8 spriggans
  Nergalle (Lair:3)
  6 skeletal warriors
  An ice devil (Depths:1)
  26 deep elf knights
  3 fire crabs
  An iron troll (Depths:1)
  9 shock serpents
  2 salamander mystics
  2 sea snakes (Snake:3)
  6 unseen horrors
  A death drake (shapeshifter) (Elf:2)
  8 deep trolls
  12 ironbrand convokers
  A spriggan druid (Swamp:3)
  A flayed ghost (Vaults:3)
  4 giant orange brains
  13 deep elf summoners
  An obsidian statue (Vaults:2)
  A lindwurm (shapeshifter) (D:15)
  14 swamp dragons
  6 naga ritualists
  10 harpies
  8 deep elf conjurers
  4 necromancers
  8 hill giants
  10 mana vipers
  20 orc knights
  An orb spider (shapeshifter) (D:15)
  2 hornets
  A hornet (shapeshifter) (D:15)
  An oklob plant (Lair:6)
  2 wizards
  7 griffons
  7 wolf spiders
  9 orc sorcerers
  A manticore (shapeshifter) (D:14)
  8 salamanders
  2 manticores
  9 cyclopes
  A cyclops (shapeshifter) (Vaults:5)
  29 ugly things
  27 naga magi
  5 elephants
  14 vault sentinels
  A kobold demonologist (Vaults:1)
  3 centaur skeletons
  3 guardian serpents (shapeshifter)
  A komodo dragon (shapeshifter) (Vaults:1)
  43 black mambas
  2 guardian serpents
  20 spiny frogs
  A spiny frog (shapeshifter) (Vaults:4)
  A gargoyle (D:9)
  A rust devil (Depths:1)
  A torpor snail (shapeshifter) (D:15)
  30 yaktaurs
  14 komodo dragons
  2 tengu conjurers
  3 fire drakes
  A red devil (Depths:1)
  A troll (shapeshifter) (Elf:3)
  A polar bear (shapeshifter) (D:13)
  A jumping spider (Vaults:4)
  12 trolls
  7 freezing wraiths
  15 blink frogs
  10 deep elf priests
  4 giant leeches
  A polar bear (Lair:6)
  A harpy skeleton (D:13)
  12 bog bodies
  43 slime creatures
  A stone giant simulacrum (Vaults:1)
  18 two-headed ogres
  2 trapdoor spider zombies
  4 boulder beetles
  2 shadows
  9 wraiths
  6 redbacks
  Sigmund (D:3)
  A trapdoor spider (D:13)
  26 deep elf magi
  77 yaks
  26 deep elf fighters
  A hog (shapeshifter) (Vaults:2)
  2 steam dragons
  A vampire (Vaults:3)
  4 basilisks
  29 vampire mosquitoes
  A spriggan (shapeshifter) (Vaults:1)
  A hippogriff (shapeshifter) (Vaults:1)
  Eustachio (D:4)
  20 humans
  A wyvern (shapeshifter) (Vaults:2)
  2 wyverns
  18 hippogriffs
  3 fire elementals (D:14)
  A tarantella (Vaults:4)
  6 hungry ghosts
  6 wargs
  21 swamp worms
  A yaktaur simulacrum (Vaults:1)
  7 insubstantial wisps
  A warg (shapeshifter) (Vaults:2)
  10 porcupines
  74 nagas
  5 mottled dragons
  9 soldier ants
  25 water moccasins
  16 wolves
  5 ice beasts
  55 orc warriors
  11 swamp drakes
  A black bear (D:12)
  A hell hound (D:14)
  A phantom (D:12)
  24 centaurs
  4 sky beasts
  A necrophage (D:6)
  8 wasps
  40 ogres
  4 boggarts (Vaults:2)
  An eye of draining (D:11)
  16 crocodiles
  2 big kobolds
  Blork the orc (D:4)
  A gnoll sergeant (D:12)
  21 giant frogs
  2 giant frogs (shapeshifter)
  2 wyvern skeletons
  14 killer bees
  5 scorpions
  4 wights (D:12)
  An orc simulacrum (Vaults:1)
  5 electric eels
  7 crimson imps
  44 orc priests
  3 giant frog zombies
  6 jellies
  A giant frog skeleton (D:6)
  4 centaur zombies
  Ijyb (D:2)
  4 hell rats (Lair:7)
  5 hounds
  50 orc wizards
  33 worker ants
  8 iguanas
  10 sheep
  A killer bee zombie (D:5)
  2 hound zombies (D:9)
  3 hound skeletons
  9 mummies
  A worker ant zombie (D:5)
  4 gnolls (D:12)
  78 river rats
  7 shadow imps
  14 adders
  3 oozes
  3 worms
  2 adder skeletons
  2 giant geckos
  234 orcs
  A ball python (D:2)
  4 bats
  A gnoll zombie (Ossuary)
  4 goblins
  12 hobgoblins
  3 jackals (D:2)
  2 quokkas
  6 giant cockroaches
  8 giant newts
  A hobgoblin zombie (Ossuary)
  A jackal zombie (D:7)
  14 kobolds
  2 kobold zombies (Ossuary)
  An orc zombie (Ossuary)
  2 quokka skeletons
  16 rats
  5 briar patches
  5 fire vortices
  A fungus (Lair:7)
2165 creatures vanquished.

Vanquished Creatures (collateral kills)
  An orc warrior (D:9)
  An ogre (D:6)
  2 worker ants
  A hound skeleton (D:5)
  3 orcs
  A bat (D:3)
  2 goblins (D:3)
  2 hobgoblin zombies (Ossuary)
  A kobold (D:3)
  A kobold zombie (Ossuary)
15 creatures vanquished.

Vanquished Creatures (others)
  2 vault guards (Vaults:5)
  A centaur warrior (Vaults:2)
  16 dancing weapons (Elf:2)
  A necromancer (Vaults:2)
  A deep elf priest (D:15)
  A vampire mosquito (Vaults:2)
  A swamp worm (Swamp:4)
  A deep elf fighter (Elf:1)
  A crocodile (Lair:8)
  A scorpion (D:9)
  3 orc wizards
  3 orcs
  A kobold (D:1)
  A briar patch (Swamp:2)
  A bush (Lair:1)
  2 fire vortices (D:15)
  31 fungi
  22 plants
90 creatures vanquished.

Grand Total: 2270 creatures vanquished

Notes
Turn   | Place    | Note
--------------------------------------------------------------
     0 | D:1      | tetracat the Draconian Transmuter began the quest for the Orb.
     0 | D:1      | Reached XP level 1. HP: 16/16 MP: 3/3
   439 | D:1      | Reached XP level 2. HP: 21/23 MP: 3/5
   443 | D:1      | Learned a level 2 spell: Sticks to Snakes
  1521 | D:2      | Found a faded altar to an unknown god.
  1539 | D:2      | Reached XP level 3. HP: 17/28 MP: 4/6
  1845 | D:2      | Reached XP level 4. HP: 35/35 MP: 7/7
  2057 | D:2      | Reached skill level 4 in Unarmed Combat
  2382 | D:3      | Noticed Ijyb
  2411 | D:2      | Killed Ijyb
  2697 | D:3      | Noticed Sigmund
  2717 | D:3      | Killed Sigmund
  2717 | D:3      | Reached skill level 5 in Unarmed Combat
  2717 | D:3      | Reached XP level 5. HP: 13/40 MP: 4/8
  2983 | D:3      | Noticed a hippogriff
  3007 | D:3      | Reached skill level 6 in Unarmed Combat
  3011 | D:3      | Reached XP level 6. HP: 47/47 MP: 2/9
  3020 | D:3      | Killed a hippogriff
  3113 | D:3      | Found a white marble altar of Elyvilon.
  3278 | D:3      | Found a glowing golden altar of the Shining One.
  3300 | D:3      | Reached skill level 7 in Unarmed Combat
  3439 | D:3      | Found a burning altar of Makhleb.
  3746 | D:4      | Learned a level 3 spell: Spider Form
  3981 | D:4      | Found Zin's Purification Station.
  3981 | D:4      | Found a glowing silver altar of Zin.
  3996 | D:4      | Your scales start taking on a dull iron-grey colour.
  3996 | D:4      | Gained mutation: You can survive without breathing. [Grey Draconian growth]
  3996 | D:4      | Reached XP level 7. HP: 39/53 MP: 8/10
  4209 | D:4      | Noticed Blork the orc
  4238 | D:4      | Noticed Eustachio
  4529 | D:4      | Killed Blork the orc
  4555 | D:4      | Killed Eustachio
  4809 | D:4      | Found a sacrificial altar of Ru.
  4833 | D:4      | Reached XP level 8. HP: 61/67 MP: 11/11
  4840 | D:4      | Learned a level 5 spell: Blade Hands
  5122 | D:5      | Entered Level 5 of the Dungeon
  5164 | D:5      | Reached skill level 5 in Fighting
  5175 | D:5      | Noticed patrick's ghost (amateur MfAK)
  5380 | D:5      | Reached skill level 5 in Transmutations
  6026 | D:6      | Found a bloodstained altar of Trog.
  6026 | D:6      | Found a blossoming altar of Fedhas.
  6027 | D:6      | Found a basalt altar of Yredelemnul.
  6578 | D:7      | Found a sand-covered staircase.
  6588 | Ossuary  | Entered an ossuary
  7109 | D:7      | Gained mutation: You can translocate small distances at will. [mutagenic meat]
  7403 | D:6      | Reached skill level 8 in Unarmed Combat
  7985 | D:6      | Reached XP level 9. HP: 65/74 MP: 7/12
  8219 | D:6      | Found a deep blue altar of Sif Muna.
  8559 | D:7      | Reached skill level 9 in Unarmed Combat
  8699 | D:7      | Found a staircase to the Ecumenical Temple.
  8705 | Temple   | Entered the Ecumenical Temple
  8713 | Temple   | Became a worshipper of Gozag Ym Sagoz the Greedy
  8828 | D:7      | Found Sonnoboc's Book Shop.
  9256 | D:7      | Found a shadowy altar of Dithmenos.
 10045 | D:8      | Found Towunilo's Antique Armour Boutique.
 10072 | D:8      | Bought a runed hat for 144 gold pieces
 10121 | D:8      | Found Sosut's Antique Armour Shop.
 10199 | D:8      | Found a staircase to the Lair.
 10199 | D:8      | Noticed an elephant
 10247 | D:8      | Found Tomeh's Weapon Emporium.
 10356 | D:8      | Found Rosimn's Assorted Antiques.
 10539 | D:8      | Killed an elephant
 10539 | D:8      | Reached skill level 10 in Unarmed Combat
 10817 | D:9      | Found a snail-covered altar of Cheibriados.
 10958 | D:9      | Noticed a red ugly thing
 11170 | D:9      | Found Lesk's Antique Armour Shop.
 11243 | D:8      | Reached XP level 10. HP: 75/80 MP: 9/13
 11676 | D:9      | Noticed a gargoyle
 11694 | D:10     | Entered Level 10 of the Dungeon
 11885 | D:10     | You fall through a shaft!
 11899 | D:11     | Reached skill level 10 in Transmutations
 12526 | D:7      | Bought a book of Transfigurations for 715 gold pieces
 12912 | D:9      | Killed a gargoyle
 12941 | D:9      | Bought a pair of embroidered boots for 135 gold pieces
 12951 | D:9      | Identified a +2 pair of boots of running (You bought it in a shop on level 9 of the Dungeon)
 13187 | D:9      | Found an iron altar of Okawaru.
 13324 | D:9      | Found a staircase to the Orcish Mines.
 13467 | D:9      | Found an ancient bone altar of Kikubaaqudgha.
 13633 | D:10     | Learned a level 6 spell: Statue Form
 13930 | D:10     | Reached skill level 1 in Earth Magic
 13934 | D:10     | Reached skill level 5 in Spellcasting
 14528 | D:11     | Reached XP level 11. HP: 78/87 MP: 18/20
 14692 | D:11     | Noticed a hill giant
 14833 | D:9      | Killed a red ugly thing
 14833 | D:9      | Reached skill level 5 in Earth Magic
 14889 | Lair:1   | Entered Level 1 of the Lair of Beasts
 17815 | Lair:2   | Noticed a five-headed hydra
 18090 | Lair:2   | Noticed a seven-headed hydra
 18229 | Lair:3   | Noticed Urug
 18244 | Lair:3   | Killed Urug
 18780 | Lair:3   | Reached skill level 10 in Earth Magic
 19148 | Lair:3   | Noticed Nergalle
 19273 | Lair:3   | HP: 1/88 [Nergalle/dagger (4)]
 19329 | Lair:3   | Noticed a four-headed hydra
 19830 | Lair:3   | Bought a meat ration for 55 gold pieces
 19830 | Lair:3   | Bought a meat ration for 55 gold pieces
 19830 | Lair:3   | Bought a meat ration for 55 gold pieces
 19919 | Lair:3   | Reached XP level 12. HP: 87/94 MP: 24/24
 20017 | Lair:3   | Found a staircase to the Swamp.
 20041 | Lair:3   | Killed Nergalle
 20249 | Lair:3   | Reached skill level 11 in Earth Magic
 21489 | Lair:4   | Found an ancient bone altar of Kikubaaqudgha.
 21492 | Lair:4   | Noticed a six-headed hydra
 21872 | Lair:5   | Reached skill level 12 in Earth Magic
 23436 | Lair:6   | Reached skill level 10 in Spellcasting
 23786 | Lair:6   | Reached skill level 13 in Earth Magic
 24651 | Lair:6   | Reached XP level 13. HP: 62/101 MP: 21/27
 25057 | Lair:6   | Found a staircase to the Snake Pit.
 25576 | Lair:7   | Found a staircase to the Slime Pits.
 25576 | Lair:7   | Found a viscous altar of Jiyva.
 26400 | Lair:7   | Reached skill level 14 in Earth Magic
 27529 | Lair:8   | Entered Level 8 of the Lair of Beasts
 28079 | Lair:8   | Noticed Maud
 28825 | Lair:8   | Killed Maud
 29504 | Lair:8   | Reached XP level 14. HP: 107/107 MP: 26/31
 31335 | Lair:7   | Reached skill level 15 in Spellcasting
 32336 | Lair:3   | Killed a four-headed hydra
 32444 | Lair:3   | Bought a meat ration for 55 gold pieces
 32444 | Lair:3   | Bought a slice of pizza for 16 gold pieces
 32444 | Lair:3   | Bought a meat ration for 55 gold pieces
 32444 | Lair:3   | Bought a bread ration for 55 gold pieces
 32444 | Lair:3   | Bought 2 fruits for 33 gold pieces
 32444 | Lair:3   | Bought a meat ration for 55 gold pieces
 32444 | Lair:3   | Bought a meat ration for 55 gold pieces
 32444 | Lair:3   | Bought a bread ration for 55 gold pieces
 32444 | Lair:3   | Bought a beef jerky for 16 gold pieces
 32444 | Lair:3   | Bought a slice of pizza for 16 gold pieces
 32512 | Lair:2   | Killed a five-headed hydra
 33476 | D:12     | Reached skill level 16 in Spellcasting
 35724 | D:14     | Found Udiyr Ywu's Antique Weapon Emporium.
 35816 | D:13     | Reached XP level 15. HP: 74/113 MP: 29/35
 36460 | D:14     | Bought a meat ration for 80 gold pieces
 36460 | D:14     | Bought a meat ration for 80 gold pieces
 36462 | D:14     | Bought a scroll labeled BEICHYN WORATA for 27 gold pieces
 36462 | D:14     | Bought a garnet ring for 135 gold pieces
 36660 | D:14     | Identified a scroll of acquirement
 36687 | D:14     | Bought a potion of heal wounds for 110 gold pieces
 36687 | D:14     | Bought 2 potions of heal wounds for 220 gold pieces
 36687 | D:14     | Bought a scroll labeled WOYS JOULITEZ for 22 gold pieces
 36733 | D:14     | Noticed Azrael
 37059 | D:14     | Killed Azrael
 37522 | D:14     | Noticed Roxanne
 38054 | D:13     | Reached skill level 17 in Spellcasting
 39734 | Orc:1    | Entered Level 1 of the Orcish Mines
 39734 | Orc:1    | Noticed Harold
 39760 | Orc:1    | Killed Harold
 40067 | Orc:1    | Noticed Gastronok
 40083 | Orc:1    | Killed Gastronok
 40592 | Orc:1    | Found Neimnat's Armour Shoppe.
 40648 | Orc:1    | Bought a cursed +0 large shield for 21 gold pieces
 41242 | Orc:2    | Found a shimmering altar of Xom.
 42870 | Orc:4    | Entered Level 4 of the Orcish Mines
 42924 | Orc:4    | Reached skill level 18 in Spellcasting
 43013 | Orc:4    | Found Gaos Vevo's Magic Scroll Shop.
 44091 | Orc:4    | Paralysed by an orc sorcerer for 5 turns
 44164 | Orc:4    | Noticed dsb250's ghost (journeyman MiFi)
 44531 | Orc:4    | Killed dsb250's ghost
 44700 | Orc:4    | Gained mutation: Potions and wands are less effective at restoring your health. [mutagenic glow]
 44800 | Orc:4    | Found Tetyaray's Book Shop.
 44800 | Orc:4    | Found Geanoiq's Book Shoppe.
 44805 | Orc:4    | Found Posit's Antique Armour Boutique.
 44807 | Orc:4    | Found Likatoegg's Weapon Emporium.
 44818 | Orc:4    | Bought a pair of polished boots for 237 gold pieces
 44835 | Orc:4    | Identified the +1 pair of boots "Gaidaux" {rElec Int+7 Dex+5} (You bought it in a shop on level 4 of the Orcish Mines)
 44921 | Orc:4    | Found a staircase to the Elven Halls.
 45105 | D:11     | Killed a hill giant
 45192 | D:14     | Noticed Sonja
 45204 | D:13     | Bought a meat ration for 60 gold pieces
 45204 | D:13     | Bought a meat ration for 60 gold pieces
 45204 | D:13     | Bought a meat ration for 60 gold pieces
 45206 | D:13     | Bought the ring "Serigoh" {+Inv Str+2 Int+5} for 723 gold pieces
 45210 | D:13     | Bought a beef jerky for 18 gold pieces
 45210 | D:13     | Bought a meat ration for 60 gold pieces
 45210 | D:13     | Bought a bread ration for 60 gold pieces
 45210 | D:13     | Bought a bread ration for 60 gold pieces
 45210 | D:13     | Bought a bread ration for 60 gold pieces
 45210 | D:13     | Bought a royal jelly for 24 gold pieces
 45291 | D:14     | Noticed Josephine
 45586 | D:14     | Killed Josephine
 45691 | D:14     | Reached XP level 16. HP: 119/121 MP: 38/38
 46082 | D:14     | Reached skill level 19 in Spellcasting
 46106 | D:14     | Found a gate to the Vaults.
 46314 | D:14     | Reached skill level 1 in Shields
 46512 | D:15     | Entered Level 15 of the Dungeon
 47533 | D:15     | Found a staircase to the Depths.
 48270 | Lair:2   | Killed a seven-headed hydra
 48728 | Snake:1  | Entered Level 1 of the Snake Pit
 48813 | Lair:8   | Got a slimy cloak
 48824 | Lair:8   | Identified the +0 cloak of the Known World {rCorr} (You acquired it on level 8 of the Lair of Beasts)
 51547 | Snake:2  | Reached skill level 5 in Shields
 52123 | Snake:2  | Noticed Aizul
 52138 | Snake:2  | Killed Aizul
 52389 | Snake:2  | Noticed Vashnia
 52410 | Snake:2  | Reached XP level 17. HP: 82/136 MP: 36/40
 52433 | Snake:2  | Killed Vashnia
 54264 | Snake:3  | Reached skill level 10 in Fighting
 54883 | Snake:3  | Got a scorched cloak
 54894 | Snake:3  | Identified the +0 cloak "Jinicof" {MR+ Str+4 Stlth-} (You found it on level 3 of the Snake Pit)
 55707 | Snake:4  | Entered Level 4 of the Snake Pit
 56137 | Snake:4  | Noticed Jorgrun
 56477 | Snake:4  | Killed Jorgrun
 56549 | Snake:4  | Noticed Asterion
 56572 | Snake:4  | Killed Asterion
 57317 | Snake:4  | Reached skill level 15 in Unarmed Combat
 57709 | Snake:4  | Reached XP level 18. HP: 149/149 MP: 37/41
 57912 | Snake:4  | Got a serpentine rune of Zot
 58589 | Orc:4    | Bought a book of Enchantments for 500 gold pieces
 58596 | Orc:4    | Learned a level 6 spell: Haste
 58687 | Orc:4    | Bought a scroll of acquirement for 728 gold pieces
 58687 | Orc:4    | Bought a scroll of teleportation for 42 gold pieces
 58687 | Orc:4    | Bought a scroll of fog for 28 gold pieces
 58687 | Orc:4    | Bought a scroll of fog for 28 gold pieces
 58687 | Orc:4    | Bought a scroll of silence for 105 gold pieces
 58930 | D:14     | Killed Roxanne
 58933 | D:14     | Killed Sonja
 58948 | D:14     | Learned a level 9 spell: Shatter
 59294 | D:14     | Reached skill level 1 in Charms
 59655 | Depths:1 | Entered Level 1 of the Depths
 60042 | D:15     | Learned a level 6 spell: Deflect Missiles
 60045 | D:15     | Bought a meat ration for 60 gold pieces
 60045 | D:15     | Bought a bread ration for 60 gold pieces
 60045 | D:15     | Bought a slice of pizza for 18 gold pieces
 60045 | D:15     | Bought a meat ration for 60 gold pieces
 60045 | D:15     | Bought a bread ration for 60 gold pieces
 60045 | D:15     | Bought a meat ration for 60 gold pieces
 60045 | D:15     | Bought a bread ration for 60 gold pieces
 60045 | D:15     | Bought a meat ration for 60 gold pieces
 60045 | D:15     | Bought a bread ration for 60 gold pieces
 60045 | D:15     | Bought a beef jerky for 18 gold pieces
 60045 | D:15     | Bought a meat ration for 60 gold pieces
 60045 | D:15     | Bought a slice of pizza for 18 gold pieces
 60045 | D:15     | Bought a beef jerky for 18 gold pieces
 60045 | D:15     | Bought a royal jelly for 24 gold pieces
 60879 | Swamp:1  | Entered Level 1 of the Swamp
 62234 | Swamp:2  | Reached skill level 10 in Shields
 62811 | Swamp:2  | Reached skill level 5 in Charms
 63477 | Swamp:2  | Learned a level 2 spell: Swiftness
 63482 | Swamp:2  | Learned a level 4 spell: Passage of Golubria
 63488 | Swamp:2  | Learned a level 5 spell: Lee's Rapid Deconstruction
 64727 | Swamp:4  | Entered Level 4 of the Swamp
 64981 | Swamp:4  | Reached XP level 19. HP: 108/156 MP: 42/42
 65437 | Swamp:4  | Noticed the 27-headed Lernaean hydra
 65456 | Swamp:4  | Killed the 27-headed Lernaean hydra
 66050 | Swamp:4  | Got a decaying rune of Zot
 67141 | Depths:1 | Noticed the Enchantress
 67164 | Depths:1 | Killed the Enchantress
 67802 | Depths:1 | Noticed Mara
 67947 | Depths:1 | Found a gateway to Hell.
 68828 | Depths:1 | Noticed tetracat's illusion
 69649 | Elf:1    | Entered Level 1 of the Elven Halls
 70159 | Elf:1    | Lost mutation: You can translocate small distances at will. [potion of mutation]
 70159 | Elf:1    | Gained mutation: You have sharp toenails. [potion of mutation]
 70159 | Elf:1    | Gained mutation: Your spells are a little harder to cast, but a little more powerful. [potion of mutation]
 70160 | Elf:1    | Gained mutation: Your body sometimes deteriorates upon taking damage. [potion of mutation]
 70160 | Elf:1    | Gained mutation: You can translocate small distances at will. [potion of mutation]
 70160 | Elf:1    | Gained mutation: You are robust (+10% HP). [potion of mutation]
 70161 | Elf:1    | Lost mutation: Potions and wands are less effective at restoring your health. [potion of cure mutation]
 70161 | Elf:1    | Lost mutation: You are robust (+10% HP). [potion of cure mutation]
 70161 | Elf:1    | Lost mutation: Your spells are a little harder to cast, but a little more powerful. [potion of cure mutation]
 70161 | Elf:1    | Lost mutation: Your body sometimes deteriorates upon taking damage. [potion of cure mutation]
 71172 | Elf:2    | Found a runed gate.
 71172 | Elf:2    | Found a runed gate.
 71173 | Elf:2    | Found a runed gate.
 71321 | Elf:2    | Learned a level 2 spell: Blink
 71325 | Elf:2    | Learned a level 2 spell: Repel Missiles
 71380 | Elf:2    | Reached XP level 20. HP: 163/163 MP: 37/43
 71989 | Elf:2    | Reached skill level 15 in Shields
 72442 | Elf:3    | Entered Level 3 of the Elven Halls
 73283 | Elf:3    | Got a vibrating glass ring
 73286 | Elf:3    | Identified the ring "Keixko Xodgho" {+Inv rF+ Int-5 Dex+3} (You took it off a deep elf death mage on level 3 of the Elven Halls)
 73476 | Elf:3    | Identified the Catalogue of Cloudy Poison (You found it on level 3 of the Elven Halls)
 73484 | Elf:3    | Got a bound turquoise ring
 73486 | Elf:3    | Identified the ring "Kiuvvalo" {Fire Str+6} (You found it on level 3 of the Elven Halls)
 73518 | Elf:3    | Learned a level 5 spell: Phase Shift
 73548 | Elf:3    | Got a crude steel ring
 73549 | Elf:3    | Identified the ring "Eptyguur" {rPois Int+3} (You took it off a deep elf demonologist on level 3 of the Elven Halls)
 73616 | Elf:3    | Found Mattul's Weapon Shop.
 74380 | Vaults:1 | Entered Level 1 of the Vaults
 75018 | Vaults:1 | Noticed Saint Roka
 75901 | Vaults:1 | Reached XP level 21. HP: 169/169 MP: 39/44
 76694 | Vaults:1 | Killed Saint Roka
 77205 | Vaults:1 | Got a jewelled battleaxe {holy}
 77212 | Vaults:1 | Identified the +5 battleaxe "Spiderslayer" {holy, Str+4} (You took it off an ironbrand convoker on level 1 of the Vaults)
 77592 | Vaults:2 | Reached skill level 1 in Air Magic
 79400 | Vaults:3 | Noticed Norris
 79409 | Vaults:3 | Killed Norris
 80100 | Vaults:3 | Reached skill level 5 in Air Magic
 80302 | Vaults:3 | Found a staircase to the Crypt.
 80462 | Vaults:3 | Reached XP level 22. HP: 177/177 MP: 35/45
 81470 | Vaults:4 | Bought a pair of runed gloves for 153 gold pieces
 81537 | Vaults:4 | Bought a bread ration for 70 gold pieces
 81537 | Vaults:4 | Bought a slice of pizza for 21 gold pieces
 81537 | Vaults:4 | Bought a bread ration for 70 gold pieces
 81537 | Vaults:4 | Bought a bread ration for 70 gold pieces
 81537 | Vaults:4 | Bought a bread ration for 70 gold pieces
 81537 | Vaults:4 | Bought a slice of pizza for 21 gold pieces
 81537 | Vaults:4 | Bought a meat ration for 70 gold pieces
 81537 | Vaults:4 | Bought a bread ration for 70 gold pieces
 81537 | Vaults:4 | Bought a bread ration for 70 gold pieces
 81537 | Vaults:4 | Bought a bread ration for 70 gold pieces
 82259 | Vaults:4 | Reached skill level 20 in Unarmed Combat
 82905 | Vaults:5 | Entered Level 5 of the Vaults
 83000 | Vaults:5 | Killed from afar by a quicksilver dragon

Action                   |  1- 3 |  4- 6 |  7- 9 | 10-12 | 13-15 | 16-18 | 19-21 | 22-24 || total
-------------------------+-------+-------+-------+-------+-------+-------+-------+-------++-------
Melee: Unarmed           |   138 |   190 |   500 |  1082 |  2018 |  1473 |  1392 |   330 ||  7123
Throw: Javelin           |       |       |       |     9 |       |       |       |       ||     9
 Cast: Beastly Appendage |    20 |    16 |    70 |    73 |    56 |     1 |       |       ||   236
       Sticks to Snakes  |       |     6 |    56 |    13 |     1 |       |       |       ||    76
       Blade Hands       |       |       |       |    33 |    91 |    17 |     2 |       ||   143
       Statue Form       |       |       |       |     3 |    49 |   126 |   118 |    25 ||   321
       Repel Missiles    |       |       |       |       |       |       |     3 |       ||     3
       Swiftness         |       |       |       |       |       |       |     1 |       ||     1
       Haste             |       |       |       |       |       |       |     4 |     4 ||     8
       Deflect Missiles  |       |       |       |       |       |       |     3 |     4 ||     7
Invok: Call Merchant     |       |       |       |     1 |     5 |     1 |     2 |     2 ||    11
       Potion Petition   |       |       |       |     1 |       |       |       |       ||     1
 Abil: Blink             |       |       |       |     3 |     8 |     2 |     2 |       ||    15
       End Transformatio |       |       |       |     1 |    13 |     1 |     1 |       ||    16
Evoke: Wand              |       |       |       |     9 |    14 |    13 |    10 |     2 ||    48
  Use: Potion            |     2 |       |     1 |    10 |     2 |     5 |     5 |     4 ||    29
       Scroll            |       |     6 |    13 |    20 |    17 |    10 |    14 |     3 ||    83
 Stab: Sleeping          |     2 |     5 |     5 |     6 |     6 |       |       |       ||    24
       Distracted        |       |       |     1 |     9 |     7 |     9 |    13 |     3 ||    42
       Petrified         |       |       |       |       |     1 |       |       |       ||     1
  Eat: Chunk             |     3 |     8 |    17 |       |       |       |       |       ||    28
       Royal jelly       |       |       |     1 |       |     1 |     3 |       |       ||     5
       Beef jerky        |       |       |     4 |     2 |     4 |     5 |     3 |     1 ||    19
       Fruit             |       |       |     2 |     4 |     2 |     5 |     4 |       ||    17
       Meat ration       |       |       |     1 |     1 |    12 |     7 |     6 |     2 ||    29
       Bread ration      |       |       |     1 |     8 |     5 |     8 |    10 |       ||    32
       Pizza             |       |       |       |    10 |     3 |     5 |       |     2 ||    20
